 Dungeon Crawl Stone Soup version 0.31-a0-112-gdf0485fa37 (webtiles) character file.

Game seed: 17538927393999925714

109 pokeman the Magician (level 4, 0/25 HPs)
             Began as a Deep Elf Hedge Wizard on May 28, 2023.
             Slain by a hobgoblin (4 damage)
             ... on level 3 of the Dungeon.
             The game lasted 00:03:47 (2460 turns).

pokeman the Magician (Deep Elf Hedge Wizard)        Turns: 2460, Time: 00:03:48

Health: 0/25       AC:  3    Str:  7    XL:     4   Next: 59%
Magic:  1/13       EV: 12    Int: 21    God:
Gold:   123        SH:  0    Dex: 14    Spells: 6/14 levels left

rFire   . . .        i - +2 mace (protect)
rCold   . . .        (no shield)
rNeg    . . .        b - +0 robe
rPois   .            c - +0 hat
rElec   .            (no cloak)
rCorr   .            k - +0 pair of gloves
SInv    .            (no boots)
Will    .....        (no amulet)
Stlth   ++           (no ring)
HPRegen 0.24/turn    (no ring)
MPRegen 0.13/turn

%: no passive effects
@: no status effects
A: no striking features
a: no special abilities


You were on level 3 of the Dungeon.
You visited 1 branch of the dungeon, and saw 3 of its levels.

You collected 123 gold pieces.

Inventory:

Hand Weapons
 i - a +2 mace of protection (weapon)
Armour
 b - a +0 robe (worn)
 c - a +0 hat (worn)
 k - a +0 pair of gloves (worn)
Wands
 n - a wand of iceblast (8)
Scrolls
 a - 2 scrolls of teleportation {unknown}
 f - 5 scrolls of identify {unknown}
 g - a scroll of poison {unknown}
 l - a scroll of amnesia {unknown}
Potions
 d - 2 potions of magic
 e - a potion of lignification {unknown}
 h - a potion of invisibility {unknown}
 j - a potion of heal wounds {unknown}
 m - a potion of curing {unknown}


   Skills:
 - Level 1.0 Fighting
 - Level 1.0 Armour
 + Level 2.8 Dodging
 + Level 3.0 Stealth
 * Level 5.8 Spellcasting
 + Level 2.2 Conjurations
 - Level 1.1 Summonings
 - Level 1.1 Translocations


You had 6 spell levels left.
You knew the following spells:

 Your Spells              Type           Power      Damage    Failure   Level
a - Magic Dart            Conj           60%        1d6       4%          1
b - Mephitic Cloud        Conj/Pois/Air  9%         N/A       22%         3
c - Call Imp              Summ           20%        N/A       10%         2
d - Blink                 Tloc           20%        N/A       10%         2

Your spell library contained the following spells:

 Spells                   Type           Power      Damage    Failure   Level
 Slow                     Hex            24%        N/A       10%         1
 Cigotuvi's Dreadful Rot  Necr/Pois/Air  12%        N/A       16%         2
 Ozocubu's Armour         Ice            6%         N/A       30%         3
 Metabolic Englaciation   Hex/Ice        3%         N/A       95%         5
 Simulacrum               Ice/Necr       3%         N/A       100%        6


Dungeon Overview and Level Annotations

Branches:
Dungeon (3/15)

Altars:
Cheibriados


Message History

The magic dart hits the bat.
You kill the bat!
Unknown command.
Casting: Magic Dart (safe; 4% risk of failure)
Confirm with . or Enter, or press ? or * to list all spells.
Aiming: Magic Dart (safe; 4% risk of failure)
Press: ? - help, Shift-Dir - straight line, f - iron imp
Aim: an iron imp (severely wounded, 100% to hit)
The magic dart hits the iron imp.
You kill the iron imp!
Your Stealth skill increases to level 3!
Unknown command.
Casting: Magic Dart (safe; 4% risk of failure)
Confirm with . or Enter, or press ? or * to list all spells.
Aiming: Magic Dart (safe; 4% risk of failure)
Press: ? - help, Shift-Dir - straight line, f - hobgoblin
Aim: a hobgoblin (asleep, 100% to hit)
The magic dart hits the hobgoblin.
The hobgoblin is lightly wounded.
The hobgoblin shouts!
You feel stable enough to blink again.
Casting: Magic Dart (safe; 4% risk of failure)
Confirm with . or Enter, or press ? or * to list all spells.
Aiming: Magic Dart (safe; 4% risk of failure)
Press: ? - help, Shift-Dir - straight line, f/p - hobgoblin
Aim: a hobgoblin (lightly wounded, 100% to hit)
The magic dart hits the hobgoblin.
The hobgoblin is severely wounded.
Casting: Magic Dart (safe; 4% risk of failure)
Confirm with . or Enter, or press ? or * to list all spells.
You don't have enough magic to cast this spell.
Unknown command.
Casting: Magic Dart (safe; 4% risk of failure)
Confirm with . or Enter, or press ? or * to list all spells.
You don't have enough magic to cast this spell.
Unknown command.
You barely miss the hobgoblin.
The hobgoblin is severely wounded.
The hobgoblin hits you.
You die...

........
.......
#.....#
#.....#
####.....#
#..# #...# #
#.†####..#.#
#..........#
##@####<.#.#
#g# #.....#
#.# #...#..#
#.# #.#....#
#.# #.##.#.#
#.# #.# .# #
#.# #.# #
#.# #..


You could see a hobgoblin.

Vanquished Creatures
  An iron imp (D:3)
  Ijyb (D:3)
  A worm (D:2)
  4 ball pythons
  4 endoplasms (D:1)
  2 giant cockroaches (D:1)
  8 goblins
  3 hobgoblins
  3 jackals (D:2)
  3 quokkas
  6 bats
  4 frilled lizards
  8 kobolds
  3 rats
51 creatures vanquished.

Notes
Turn   | Place    | Note
-------+----------+-------------------------------------------
     0 | D:1      | pokeman the Deep Elf Hedge Wizard began the quest for the
                  | Orb.
     0 | D:1      | Reached XP level 1. HP: 10/10 MP: 7/7
   263 | D:1      | Reached XP level 2. HP: 16/16 MP: 6/9
   831 | D:1      | Reached skill level 5 in Spellcasting
  1100 | D:1      | Reached XP level 3. HP: 20/20 MP: 7/11
  1104 | D:1      | Learned a level 3 spell: Mephitic Cloud
  1107 | D:1      | Learned a level 2 spell: Call Imp
  1110 | D:1      | Learned a level 2 spell: Blink
  1718 | D:2      | Reached skill level 1 in Fighting
  1814 | D:2      | Reached skill level 1 in Armour
  2319 | D:3      | Noticed Ijyb
  2345 | D:3      | Killed Ijyb
  2346 | D:3      | Reached XP level 4. HP: 10/25 MP: 2/13
  2435 | D:3      | Found a snail-covered altar of Cheibriados.
  2460 | D:3      | Slain by a hobgoblin

Illustrated notes

Levels and vault maps discovered:
D:1:      dpeg_arrival_lava_temple_mockup, layout_loops_ring
D:2:      layout_loops_ring
D:3:      layout_loops_ring, grunt_temple_overflow_holy_war, slow_altar_1,
          serial_glass, glass_columns_c, glass_columns_a,
          gup_sewer_entry_bubbles, reono_crystal_passage, columned_hall_lemuel,
          nrook_uturn, kennysheep_generic_room_3, uniq_ijyb

Skill      XL: |  1  2  3  4 |
---------------+-------------+-----
Spellcasting   | 5 |  5.8
Fighting       | 1 |  1.0
Armour         | 1 |  1.0
Conjurations   | 2 |  2.2
Stealth        | 3 |  3.0
Dodging        | |  2.8
Summonings     | |  1.1
Translocations | |  1.1

Action                     |  1- 3 |  4- 6 || total
---------------------------+-------+-------++-------
  Melee: Mace              |    39 |     7 ||    46
         Punch             |     1 |     1 ||     2
   Cast: Magic Dart        |   108 |    13 ||   121
         Mephitic Cloud    |     3 |       ||     3
         Call Imp          |     1 |       ||     1
         Blink             |       |     1 ||     1
   Stab: Confused          |     3 |       ||     3
 Armour: Robe              |    18 |     1 ||    19
  Dodge: Dodged            |    54 |     4 ||    58

Table legend: (Time is in decaauts)
 A = Elapsed time spent in this place.
 B = Non-inter-level travel time spent in this place.
 C = Inter-level travel time spent in this place.
 D = Time resting spent in this place.
 E = Time spent auto-exploring this place.
 F = Levels seen in this place.
 G = Mean time per level.
                   A        B        C        D        E       F      G
               +--------+--------+--------+--------+--------+-----+--------+
         Total |   2477 |   2365 |    112 |      0 |   2025 |   3 |  825.7 |
       Dungeon |   2477 |   2365 |    112 |      0 |   2025 |   3 |  825.7 |
               +--------+--------+--------+--------+--------+-----+--------+

Top non-repeatable levels by time:
     D:1: 1410 daAuts
     D:2: 975 daAuts
     D:3: 90 daAuts
